PBL
LONDON MAJORS @ PARIS CUBS
06/17/2048
 
TOP OF THE 1ST
London Majors batting - Pitching for Paris Cubs : LHP Noah Hornby
Pitching: LHP Noah Hornby
Batting: SHB Toby Patenaude 0-0: Ball
1-0: Called Strike
1-1: Fly out, F8 (Flyball, 78M, EV 93.1 MPH)
Batting: SHB Steve Ramsey 0-0: Reached on error, E4 (Groundball, 34, EV 90.0 MPH)
Batting: RHB Brandon Williams 0-0: Ball
1-0: Foul Ball, location: 2F
1-1: Swinging Strike
1-2: Ball
2-2: Strikes out looking
Batting: RHB Cedric Nicholls 0-0: Called Strike
0-1: Fly out, F9 (Line Drive, 9S, EV 89.4 MPH)
Top of the 1st over - 0 runs, 0 hits, 1 error, 1 left on base; London 0 - Paris 0
BOTTOM OF THE 1ST
Paris Cubs batting - Pitching for London Majors : RHP Bradley Carriere
Pitching: RHP Bradley Carriere
Batting: RHB Willie Rubio 0-0: Called Strike
0-1: Ball
1-1: Ball
2-1: Foul Ball, location: 2F
2-2: Foul Ball, location: 2F
2-2: Ball
3-2: Strikes out swinging
Batting: LHB Jeremy Rideout 0-0: Ball
1-0: Ball
2-0: Ball
3-0: Called Strike
3-1: Base on Balls
Batting: RHB Juan Tarin 0-0: Hit by Pitch
Jeremy Rideout to second
Batting: LHB David Mendez 0-0: Called Strike
0-1: Called Strike
0-2: Ball
1-2: Strikes out swinging
Batting: RHB Jesus Resendez 0-0: Ball
1-0: Swinging Strike
1-1: Foul Ball, location: 2F
1-2: Ball
2-2: Strikes out swinging
Bottom of the 1st over - 0 runs, 0 hits, 0 errors, 2 left on base; London 0 - Paris 0
TOP OF THE 2ND
London Majors batting - Pitching for Paris Cubs : LHP Noah Hornby
Batting: RHB Cormackle Poohdatoot 0-0: Ball
1-0: Fly out, F8 (Line Drive, 8RM, EV 98.1 MPH)
Batting: RHB Carlos Murillo 0-0: Ball
1-0: Ball
2-0: Ball
3-0: Base on Balls
Batting: RHB Lewis O'Connell 0-0: Ball
1-0: Called Strike
1-1: Ball
2-1: Called Strike
Passed Ball!
Carlos Murillo to second
2-2: SINGLE (Groundball, 34D, EV 98.8 MPH)
Carlos Murillo to third
Runner from 3rd tries for Home, SAFE, throw by RF to home
Lewis O'Connell to second
Batting: RHB Tom Bergman 0-0: Ball
1-0: Fly out, F8 (Flyball, 78D, EV 87.5 MPH)
Batting: LHB Salvador Ramos 0-0: Called Strike
0-1: Called Strike
0-2: Strikes out swinging
Top of the 2nd over - 1 run, 1 hit, 0 errors, 1 left on base; London 1 - Paris 0
BOTTOM OF THE 2ND
Paris Cubs batting - Pitching for London Majors : RHP Bradley Carriere
Batting: RHB Jason Banks 0-0: Ball
1-0: Ball
2-0: Ball
3-0: Called Strike
3-1: Fly out, F9 (Flyball, 89D, EV 86.9 MPH)
Batting: RHB Mike Snider 0-0: Ball
1-0: Called Strike
1-1: Fly out, F9 (Flyball, 9, EV 89.4 MPH)
Batting: LHB Zach Martin 0-0: Foul Ball, location: 2F
0-1: Swinging Strike
0-2: Ball
1-2: Strikes out swinging
Bottom of the 2nd over - 0 runs, 0 hits, 0 errors, 0 left on base; London 1 - Paris 0
TOP OF THE 3RD
London Majors batting - Pitching for Paris Cubs : LHP Noah Hornby
Batting: SHB Toby Patenaude 0-0: Ball
1-0: Called Strike
1-1: Ball
2-1: Ball
3-1: Base on Balls
Batting: SHB Steve Ramsey Pickoff Throw to First - Out! 1-3 CS
0-0: Ball
1-0: Ball
2-0: SOLO HOME RUN (Flyball, 7D, EV 109.4 MPH), Distance : 424 ft
Batting: RHB Brandon Williams 0-0: Ball
1-0: Foul Ball, location: 2F
1-1: Foul Ball, location: 2F
1-2: Foul Ball, location: 2F
1-2: Ball
2-2: Fly out, F3 (Popup, 3F, EV 75.6 MPH)
Batting: RHB Cedric Nicholls 0-0: Called Strike
0-1: Ball
1-1: Called Strike
1-2: Strikes out swinging
Top of the 3rd over - 1 run, 1 hit, 0 errors, 0 left on base; London 2 - Paris 0
BOTTOM OF THE 3RD
Paris Cubs batting - Pitching for London Majors : RHP Bradley Carriere
Batting: RHB Michihisa Tanaka 0-0: Called Strike
0-1: Ball
1-1: Called Strike
1-2: Ball
2-2: Ground out 4-3 (Groundball, 4, EV 111.2 MPH)
Batting: RHB Willie Rubio 0-0: Called Strike
0-1: Ball
1-1: Ball
2-1: Fly out, F8 (Flyball, 8RD, EV 103.1 MPH)
Batting: LHB Jeremy Rideout 0-0: Ball
1-0: Ball
2-0: Ball
3-0: Called Strike
3-1: Base on Balls
Batting: RHB Juan Tarin 0-0: Ball
1-0: Called Strike
1-1: Called Strike
1-2: Ball
2-2: Ball
3-2: SINGLE (Groundball, 6MD, EV 97.5 MPH)
Jeremy Rideout to second
Jeremy Rideout to third
Batting: LHB David Mendez 0-0: Called Strike
0-1: Ball
Wild Pitch!
Jeremy Rideout scores
Juan Tarin to second
1-1: Foul Ball, location: 2F
1-2: Strikes out swinging
Bottom of the 3rd over - 1 run, 1 hit, 0 errors, 1 left on base; London 2 - Paris 1
TOP OF THE 4TH
London Majors batting - Pitching for Paris Cubs : LHP Noah Hornby
Batting: RHB Cormackle Poohdatoot 0-0: Ball
1-0: Foul Ball, location: 2F
1-1: Called Strike
1-2: Ball
2-2: Strikes out swinging
Batting: RHB Carlos Murillo 0-0: Swinging Strike
0-1: Foul Ball, location: 2F
0-2: Strikes out swinging
Batting: RHB Lewis O'Connell 0-0: Ball
1-0: Called Strike
1-1: Foul Ball, location: 2F
1-2: Strikes out swinging
Top of the 4th over - 0 runs, 0 hits, 0 errors, 0 left on base; London 2 - Paris 1
BOTTOM OF THE 4TH
Paris Cubs batting - Pitching for London Majors : RHP Bradley Carriere
Batting: RHB Jesus Resendez 0-0: Ball
1-0: Ball
2-0: Ball
3-0: Called Strike
3-1: Base on Balls
Batting: RHB Jason Banks 0-0: SINGLE (Groundball, 56, EV 108.8 MPH)
Jesus Resendez to second
Batting: RHB Mike Snider 0-0: Ball
1-0: Ball
2-0: Called Strike
2-1: Ball
3-1: Called Strike
3-2: Strikes out swinging
Batting: LHB Zach Martin 0-0: Called Strike
0-1: Ball
1-1: Foul Ball, location: 2F
1-2: Ball
2-2: Strikes out swinging
Batting: RHB Michihisa Tanaka 0-0: Called Strike
0-1: Fly out, F9 (Flyball, 9S, EV 84.4 MPH)
Bottom of the 4th over - 0 runs, 1 hit, 0 errors, 2 left on base; London 2 - Paris 1
TOP OF THE 5TH
London Majors batting - Pitching for Paris Cubs : LHP Noah Hornby
Pinch Hitting: RHB Manny Corral 0-0: Ball
1-0: Ball
2-0: Ball
3-0: Called Strike
3-1: Foul Ball, location: 2F
3-2: Foul Ball, location: 2F
3-2: Base on Balls
Batting: LHB Salvador Ramos 0-0: Ball
1-0: Called Strike
1-1: Ball
2-1: Swinging Strike
2-2: Strikes out swinging
Batting: SHB Toby Patenaude 0-0: Ball
1-0: Ball
2-0: Ball
3-0: Base on Balls
Manny Corral to second
Batting: SHB Steve Ramsey 0-0: Called Strike
Manny Corral steals 3rd base
Toby Patenaude to second
0-1: Ball
Wild Pitch!
Manny Corral scores
Toby Patenaude to third
1-1: Ball
Passed Ball!
Toby Patenaude scores
2-1: Swinging Strike
2-2: Ball
3-2: Strikes out swinging, 2-3 out at first.
Batting: RHB Brandon Williams 0-0: Ball
1-0: Foul Ball, location: 2F
1-1: Called Strike
1-2: Ball
2-2: Ball
3-2: Foul Ball, location: 2F
3-2: Ground out 6-3 (Groundball, 6, EV 97.5 MPH)
Top of the 5th over - 2 runs, 0 hits, 0 errors, 0 left on base; London 4 - Paris 1
BOTTOM OF THE 5TH
Paris Cubs batting - Pitching for London Majors : RHP Bradley Carriere
Now in LF: Edwin Esparza
Batting: RHB Willie Rubio 0-0: Fly out, F9 (Flyball, 9, EV 78.1 MPH)
Batting: LHB Jeremy Rideout 0-0: Ball
1-0: SINGLE (Line Drive, 34D, EV 98.8 MPH)
Batting: RHB Juan Tarin 0-0: Fly out, F3 (Popup, 3, EV 81.2 MPH)
Batting: LHB David Mendez 0-0: Called Strike
0-1: Ball
1-1: Fielders Choice at 2nd, 6-4 (Groundball, 56, EV 102.5 MPH)
Bottom of the 5th over - 0 runs, 1 hit, 0 errors, 1 left on base; London 4 - Paris 1
TOP OF THE 6TH
London Majors batting - Pitching for Paris Cubs : LHP Noah Hornby
Batting: RHB Cedric Nicholls 0-0: Ball
1-0: Ball
2-0: DOUBLE (Line Drive, 3D, EV 100.0 MPH)
Batting: RHB Cormackle Poohdatoot 0-0: Foul Ball, location: 2F
0-1: 2-RUN HOME RUN (Line Drive, 7LD, EV 96.2 MPH), Distance : 377 ft
Batting: RHB Carlos Murillo 0-0: Ball
1-0: Swinging Strike
1-1: Ball
2-1: Foul Ball, location: 2F
2-2: Foul Ball, location: 2F
2-2: Ball
3-2: Base on Balls
Batting: RHB Lewis O'Connell 0-0: Ball
Carlos Murillo steals 2nd base
1-0: Ball
Wild Pitch!
Carlos Murillo to third
2-0: Ball
3-0: Called Strike
3-1: Base on Balls
Pitching: RHP Tyler McCoy
Batting: LHB Edwin Esparza 0-0: Ball
1-0: Ball
2-0: Ball
3-0: Base on Balls
Lewis O'Connell to second
Batting: LHB Salvador Ramos 0-0: Fly out, F8 (Flyball, 8LD, EV 95.6 MPH)
Runner from 3rd tags up, SCORES, throw by CF
Batting: SHB Toby Patenaude 0-0: Ball
1-0: Ball
2-0: Called Strike
2-1: SINGLE (Groundball, 34S, EV 67.5 MPH) (infield hit)
Lewis O'Connell to third
Edwin Esparza to second
Batting: SHB Steve Ramsey 0-0: Called Strike
0-1: Foul Ball, location: 2F
0-2: Strikes out swinging
Batting: RHB Brandon Williams 0-0: Ball
1-0: Called Strike
1-1: Foul Ball, location: 2F
1-2: Ball
2-2: Foul Ball, location: 2F
2-2: Foul Ball, location: 2F
2-2: Ball
3-2: SINGLE (Flyball, 7LS, EV 90.0 MPH)
Lewis O'Connell scores
Edwin Esparza to third
Toby Patenaude to second
Edwin Esparza scores
Toby Patenaude to third
Batting: RHB Mel Bohorquez 0-0: Ball
1-0: Foul Ball, location: 2F
1-1: Ball
2-1: Ball
3-1: 3-RUN HOME RUN (Flyball, 78XD, EV 105.0 MPH), Distance : 429 ft
Pitching: RHP Kichijo Robinson
Batting: RHB Cormackle Poohdatoot 0-0: Ball
1-0: Swinging Strike
1-1: Swinging Strike
1-2: Ball
2-2: Ball
3-2: Foul Ball, location: 2F
3-2: Strikes out swinging
Top of the 6th over - 8 runs, 5 hits, 0 errors, 0 left on base; London 12 - Paris 1
BOTTOM OF THE 6TH
Paris Cubs batting - Pitching for London Majors : RHP Bradley Carriere
Batting: RHB Jesus Resendez 0-0: Foul Ball, location: 2F
0-1: Ball
1-1: Called Strike
1-2: Ball
2-2: Strikes out swinging
Batting: RHB Jason Banks 0-0: Swinging Strike
0-1: Foul Ball, location: 2F
0-2: Foul Ball, location: 2F
0-2: Strikes out swinging
Batting: RHB Mike Snider 0-0: Ball
1-0: Called Strike
1-1: Ball
2-1: Foul Ball, location: 2F
2-2: Foul Ball, location: 2F
2-2: Strikes out swinging
Bottom of the 6th over - 0 runs, 0 hits, 0 errors, 0 left on base; London 12 - Paris 1
TOP OF THE 7TH
London Majors batting - Pitching for Paris Cubs : RHP Kichijo Robinson
Pinch Hitting: LHB Danny Hamilton 0-0: Called Strike
0-1: SINGLE (Groundball, 6D, EV 95.6 MPH)
Pinch Hitting: LHB Jessie Stewart 0-0: Ball
1-0: DOUBLE (Line Drive, 9LD, EV 111.9 MPH)
Danny Hamilton to third
Batting: LHB Edwin Esparza 0-0: Ball
1-0: Ball
Passed Ball!
Danny Hamilton scores
Jessie Stewart to third
2-0: Ball
3-0: Base on Balls
Batting: LHB Salvador Ramos 0-0: Ball
1-0: Called Strike
1-1: Ground out U3 (Groundball, 34S, EV 70.0 MPH)
Jessie Stewart scores
Edwin Esparza to second
Pinch Hitting: RHB Carlos Viera 0-0: Foul Ball, location: 2F
0-1: Ball
1-1: Ball
2-1: Ball
3-1: Foul Ball, location: 2F
3-2: Foul Ball, location: 2F
3-2: Strikes out swinging
Batting: SHB Steve Ramsey 0-0: Called Strike
0-1: Ball
1-1: Foul Ball, location: 2F
1-2: Strikes out looking
Top of the 7th over - 2 runs, 2 hits, 0 errors, 1 left on base; London 14 - Paris 1
BOTTOM OF THE 7TH
Paris Cubs batting - Pitching for London Majors : RHP Bradley Carriere
Now at 2B: Carlos Viera
Now at 3B: Danny Hamilton
Now at SS: Hanley Hernandez
Batting: LHB Zach Martin 0-0: Swinging Strike
0-1: Ball
1-1: Foul Ball, location: 2F
1-2: Foul Ball, location: 2F
1-2: Ball
2-2: Strikes out swinging
Pitching: RHP Justin Rubino
Batting: RHB Michihisa Tanaka 0-0: Hit by Pitch
Pinch Hitting: SHB Shiroku Waki 0-0: Called Strike
0-1: Ball
1-1: Ball
2-1: Fly out, F9 (Line Drive, 9, EV 104.4 MPH)
Batting: LHB Jeremy Rideout 0-0: Ball
1-0: DOUBLE (Line Drive, 5D, EV 96.9 MPH)
Michihisa Tanaka to third
Batting: RHB Juan Tarin 0-0: Ground out 4-3 (Groundball, 4, EV 77.5 MPH)
Bottom of the 7th over - 0 runs, 1 hit, 0 errors, 2 left on base; London 14 - Paris 1
TOP OF THE 8TH
London Majors batting - Pitching for Paris Cubs : RHP Kichijo Robinson
Now in LF: Cliff Caudle
Now in CF: Zach Martin
Batting: RHB Brandon Williams 0-0: Foul Ball, location: 2F
0-1: Called Strike
0-2: Ball
1-2: Ball
2-2: Foul Ball, location: 2F
2-2: Ball
3-2: Foul Ball, location: 2F
3-2: SINGLE (Groundball, 34D, EV 97.5 MPH)
Pitching: LHP Dusty Blubaugh
Batting: RHB Mel Bohorquez 0-0: Ball
1-0: Foul Ball, location: 2F
1-1: Ball
2-1: SINGLE (Groundball, 34, EV 101.2 MPH)
Brandon Williams to second
Runner from 2nd tries for 3rd, OUT! 9-5
Batting: RHB Cormackle Poohdatoot 0-0: Foul Ball, location: 2F
0-1: Foul Ball, location: 2F
0-2: Ball
1-2: Strikes out swinging
Batting: LHB Danny Hamilton 0-0: Ball
1-0: Ball
2-0: Ball
3-0: Swinging Strike
3-1: Fly out, F8 (Flyball, 8LD, EV 75.0 MPH)
Top of the 8th over - 0 runs, 2 hits, 0 errors, 1 left on base; London 14 - Paris 1
BOTTOM OF THE 8TH
Paris Cubs batting - Pitching for London Majors : RHP Justin Rubino
Batting: LHB David Mendez 0-0: Swinging Strike
0-1: Foul Ball, location: 2F
0-2: Strikes out swinging, 2-3 out at first.
Pinch Hitting: LHB Tyler Schuettler 0-0: Called Strike
0-1: Swinging Strike
0-2: Strikes out looking
Batting: RHB Jason Banks 0-0: Ball
1-0: Called Strike
1-1: Ball
2-1: Ball
3-1: Base on Balls
Batting: RHB Mike Snider 0-0: Ball
1-0: Foul Ball, location: 2F
1-1: Swinging Strike
1-2: Foul Ball, location: 2F
1-2: Foul Ball, location: 2F
1-2: Strikes out swinging
Bottom of the 8th over - 0 runs, 0 hits, 0 errors, 1 left on base; London 14 - Paris 1
TOP OF THE 9TH
London Majors batting - Pitching for Paris Cubs : LHP Dusty Blubaugh
Now in RF: Jonathon Lewis
Pinch Hitting: RHB Chad Colyer 0-0: Ground out 1-3 (Groundball, 13S, EV 64.4 MPH)
Batting: LHB Edwin Esparza 0-0: Ball
1-0: Foul Ball, location: 2F
1-1: Called Strike
1-2: Ball
2-2: Ground out 4-3 (Groundball, 4, EV 81.9 MPH)
Pinch Hitting: SHB Mike Fermin 0-0: Ball
1-0: Ball
2-0: Fly out, F7 (Line Drive, 7LM, EV 96.9 MPH)
Top of the 9th over - 0 runs, 0 hits, 0 errors, 0 left on base; London 14 - Paris 1
BOTTOM OF THE 9TH
Paris Cubs batting - Pitching for London Majors : RHP Justin Rubino
Now at SS: Mike Vaughan
Now in RF: Joy-shan Li
Batting: LHB Zach Martin 0-0: Called Strike
0-1: Ball
1-1: Called Strike
1-2: Ball
2-2: Foul Ball, location: 2F
2-2: Foul Ball, location: 2F
2-2: Ball
3-2: Strikes out swinging
Batting: RHB Michihisa Tanaka 0-0: Fly out, F8 (Line Drive, 8LM, EV 94.4 MPH)
Batting: RHB Cliff Caudle 0-0: Called Strike
0-1: Ball
1-1: Called Strike
1-2: Strikes out swinging
Bottom of the 9th over - 0 runs, 0 hits, 0 errors, 0 left on base; London 14 - Paris 1
Tuesday, March 28th , 2023 - OOTP Baseball 23.10 Build 110